WCHLSIM.com - West Coast Hockey League
html PUBLIC "-//W3C//DTD XHTML 1.0 Transitional//EN" "http://www.w3.org/TR/xhtml1/DTD/xhtml1-transitional.dtd"> WCHL - Game 711 - OKANAGAN RATTLESNAKES vs SAN FRANCISCO SPIDERS

OKANAGAN RATTLESNAKES vs SAN FRANCISCO SPIDERS

Created - 21 janvier 2024 at 21:51

Goals
1 2 3 T
OKANAGAN RATTLESNAKES 0 0 0 0
SAN FRANCISCO SPIDERS 1 2 0 3
Shots
1 2 3 T
OKANAGAN RATTLESNAKES 6 8 6 20
SAN FRANCISCO SPIDERS 6 22 9 37

1st period

1. SAN FRANCISCO SPIDERS , Zach Hyman 21 (Jacob Middleton 5) at 11:11

Penalties :
Casey Cizikas (OKA) for Charging (Minor) at 1:31, Erik Gudbranson (SAF) for Holding (Minor) at 4:13, Esa Lindell (OKA) for Holding Stick (Minor) at 12:20, Casey Cizikas (OKA) for Hooking (Minor) at 15:14

2nd period

2. SAN FRANCISCO SPIDERS , Viktor Arvidsson 16 (Bo Horvat 34, Brock Faber 2) at 2:31 (PP)
3. SAN FRANCISCO SPIDERS , Andrei Svechnikov 16 (Sebastian Aho 29) at 5:21

Penalties :
Casey Cizikas (OKA) for Holding (Minor) at 1:14, T.J. Oshie (OKA) for Interference (Minor) at 7:04, Jeremy Lauzon (OKA) for Tripping (Minor) at 9:06, Arber Xhekaj (OKA) for Hooking (Minor) at 9:19, Brenden Dillon (SAF) for Hooking (Minor) at 18:09

3rd period

No Goal

Penalties :
No Penalty

Goalie Stats

James Reimer (OKA), 34 saves from 37 shots - (0,919), L, 14-23-5, 60:00 minutes
Igor Shesterkin (SAF), 20 saves from 20 shots - (1,000), W, 26-9-2, 60:00 minutes

Players Stats for OKANAGAN RATTLESNAKES

Player Name              G  A  P  +/- PIM S  H  SB GA TA FO     MP     PP MP  PK MP  
------------------------------------------------------------------------------------
Anders Lee               0  0  0  -1  0   2  0  1  0  0  1/7    21:17   1:39   5:17 
Arber Xhekaj             0  0  0  -1  2   0  4  1  0  0  0/0    18:10   0:00   4:17 
Blake Coleman            0  0  0  -1  0   3  2  0  0  0  1/2    15:19   2:19   0:29 
Casey Cizikas            0  0  0   0  6   2  1  0  0  0  15/22  14:50   1:39   2:47 
Colton Parayko           0  0  0   0  0   2  1  3  0  0  0/0    24:12   2:28   5:11 
Esa Lindell              0  0  0   0  2   1  2  1  0  0  0/0    19:45   2:28   0:45 
Jeremy Lauzon            0  0  0  -1  2   1  3  2  0  0  0/0    20:57   1:30   5:17 
Jordie Benn              0  0  0  -1  0   0  0  1  0  0  0/0    15:09   0:00   1:16 
Josh Manson              0  0  0  -1  0   0  2  1  0  0  0/0    21:44   1:30   6:03 
Jujhar Khaira            0  0  0  -1  0   1  1  1  0  0  7/21   21:10   1:39   5:10 
Kevin Labanc             0  0  0   0  0   0  0  0  0  0  0/0    10:27   0:00   0:00 
Lars Eller               0  0  0  -1  0   0  1  0  0  0  8/15   19:06   2:19   4:16 
Mike Hoffman             0  0  0  -1  0   2  0  0  0  0  0/1    14:50   2:19   0:00 
Nazem Kadri              0  0  0   0  0   0  1  0  0  0  1/1     7:18   0:00   0:00 
Oskar Sundqvist          0  0  0   0  0   0  2  0  0  0  1/7    10:23   0:00   3:05 
Pierre-Edouard Bellemare 0  0  0   0  0   1  0  0  0  0  0/0     7:18   0:00   0:00 
Stefan Noesen            0  0  0   0  0   3  0  0  0  0  0/0    10:27   0:00   0:00 
T.J. Oshie               0  0  0  -1  2   2  0  0  0  0  1/2    14:20   0:00   0:00 

Players Stats for SAN FRANCISCO SPIDERS

Player Name              G  A  P  +/- PIM S  H  SB GA TA FO     MP     PP MP  PK MP  
------------------------------------------------------------------------------------
Andrei Svechnikov        1  0  1   2  0   5  3  0  0  0  0/1    20:08   6:09   0:00 
Bo Horvat                0  1  1   0  0   2  1  0  0  0  17/25  22:25   5:16   2:26 
Brenden Dillon           0  0  0   1  2   2  4  1  0  0  0/0    22:58   5:59   1:06 
Brock Faber              0  1  1   0  0   2  1  0  0  0  0/0    22:58   5:26   1:48 
Dakota Joshua            0  0  0   0  0   0  0  0  0  0  0/2     5:26   0:00   0:00 
Darnell Nurse            0  0  0   1  0   2  0  1  0  0  0/0    24:20   5:59   2:10 
Eeli Tolvanen            0  0  0   0  0   0  0  0  0  0  0/0     5:26   0:00   0:00 
Erik Gudbranson          0  0  0   1  2   1  0  0  0  0  0/0    15:25   0:00   0:42 
Jack Roslovic            0  0  0   0  0   2  1  0  0  0  2/2    12:43   0:00   1:32 
Jacob Middleton          0  1  1   1  0   0  6  1  0  0  0/0    10:30   0:00   0:00 
Jared McCann             0  0  0   0  0   8  1  0  0  0  1/1    20:10   6:09   0:00 
Kirby Dach               0  0  0   0  0   4  1  0  0  0  4/11   11:11   0:00   0:00 
Kyle Palmieri            0  0  0   0  0   1  0  0  0  0  0/1    11:11   0:00   0:00 
Michael Anderson         0  0  0   0  0   2  0  0  0  0  0/0    23:05   5:26   2:10 
Sam Lafferty             0  0  0   0  0   0  0  0  0  0  0/0     5:26   0:00   0:00 
Sebastian Aho            0  1  1   2  0   2  0  0  0  0  16/28  21:40   6:09   1:32 
Viktor Arvidsson         1  0  1   0  0   2  0  0  0  0  1/1    19:17   5:16   0:00 
Zach Hyman               1  0  1   2  0   2  3  0  0  0  2/6    21:41   5:16   2:26 

3 Stars

1 - Igor Shesterkin (SAF)
2 - Andrei Svechnikov (SAF)
3 - Zach Hyman (SAF)

Power Play

OKANAGAN RATTLESNAKES - 0 on 2 Attempt(s) - 0,00%
SAN FRANCISCO SPIDERS - 1 on 7 Attempt(s) - 14,29%

Penalty Kill

OKANAGAN RATTLESNAKES - 6 on 7 Attempt(s) - 85,71% - Score 0 goal in Penalty Kill
SAN FRANCISCO SPIDERS - 2 on 2 Attempt(s) - 100,00% - Score 0 goal in Penalty Kill

Team Stat

OKANAGAN RATTLESNAKES - Hits : 20 - Faceoff Wins : 35 - Blocked Shots : 11 - Penalty Minutes : 14
SAN FRANCISCO SPIDERS - Hits : 21 - Faceoff Wins : 43 - Blocked Shots : 3 - Penalty Minutes : 4

Official

Referees : Eric Furlatt and Ian Walsh
Linesman : Steven Walsh and Scott Cherrey

Game Notes

Jacob Middleton is injured at 8:15 of 3rd period (Broken Left Foot Toe)

Finance

Level 1 -- Attendance: 5893 (96,53%) -- Ticket Income 883 950 $
Level 2 -- Attendance: 4755 (91,80%) -- Ticket Income 475 500 $
Level 3 -- Attendance: 2035 (100,00%) -- Ticket Income 162 800 $
Level 4 -- Attendance: 4129 (98,78%) -- Ticket Income 247 740 $
Luxury Box -- Attendance: 906 (90,60%) -- Ticket Income 271 800 $
Game was played at the Bay Area Sports Center.
Total Attendance: 17718 (95,77%)
Total Ticket Income: 2 041 790 $
Other Expense: 20 418 $
Total Income: 2 021 372 $

OKANAGAN RATTLESNAKES

5 vs 5 Forward 
   Center                   Left Wing                Right Wing               Time % Phy DF OF 
 1 Jujhar Khaira            Anders Lee               T.J. Oshie               36     1   2  2  
 2 Lars Eller               Mike Hoffman             Blake Coleman            31     1   2  2  
 3 Casey Cizikas            Kevin Labanc             Stefan Noesen            23     1   2  2  
 4 Oskar Sundqvist          Pierre-Edouard Bellemare Nazem Kadri              10     1   2  2  

5 vs 5 Defense 
   Defense                  Defense                                           Time % Phy DF OF 
 1 Colton Parayko           Esa Lindell                                       36     1   2  2  
 2 Josh Manson              Jeremy Lauzon                                     31     1   2  2  
 3 Arber Xhekaj             Jordie Benn                                       23     1   2  2  
 4 Colton Parayko           Esa Lindell                                       10     1   2  2  

PowerPlay Forward 
   Center                   Left Wing                Right Wing               Time % Phy DF OF 
 1 Jujhar Khaira            Anders Lee               Casey Cizikas            55     1   2  2  
 2 Lars Eller               Mike Hoffman             Blake Coleman            45     1   2  2  

PowerPlay Defense
   Defense                  Defense                                           Time % Phy DF OF 
 1 Colton Parayko           Esa Lindell                                       55     1   2  2  
 2 Josh Manson              Jeremy Lauzon                                     45     1   2  2  

Penalty Kill 4 Players Forward 
   Center                   Wing                     Time % Phy DF OF 
 1 Casey Cizikas            Jujhar Khaira            55     1   2  2  
 2 Anders Lee               Lars Eller               45     1   2  2  

Penalty Kill 4 Players Defense
   Defense                  Defense                  Time % Phy DF OF 
 1 Colton Parayko           Arber Xhekaj             55     1   2  2  
 2 Josh Manson              Jeremy Lauzon            45     1   2  2  

Penalty Kill - 3 Players Forward 
   Forward                                           Time % Phy DF OF 
 1 Anders Lee                                        55     1   2  2  
 2 Jujhar Khaira                                     45     1   2  2  

Penalty Kill - 3 Players Defense
   Defense                  Defense                  Time % Phy DF OF 
 1 Colton Parayko           Jordie Benn              55     1   2  2  
 2 Josh Manson              Jeremy Lauzon            45     1   2  2  

4 vs 4 Forward 
   Center                   Wing                     Time % Phy DF OF 
 1 Jujhar Khaira            Casey Cizikas            55     1   2  2  
 2 Anders Lee               Lars Eller               45     1   2  2  

4 vs 4 Defense
   Defense                  Defense                  Time % Phy DF OF 
 1 Colton Parayko           Arber Xhekaj             55     1   2  2  
 2 Josh Manson              Jeremy Lauzon            45     1   2  2  

Last Minutes Offensive
   Center                   Left Wing                Right Wing               Defense                  Defense                  
   Jujhar Khaira            Anders Lee               T.J. Oshie               Colton Parayko           Esa Lindell              

Last Minutes Defensive
   Center                   Left Wing                Right Wing               Defense                  Defense                  
   Jujhar Khaira            Anders Lee               T.J. Oshie               Colton Parayko           Esa Lindell              

Goaltenders
Starting : James Reimer             
Backup : Jack Campbell            

Extra Forwards
Normal : Jujhar Khaira, Casey Cizikas, Oskar Sundqvist - PP : Jujhar Khaira, Casey Cizikas - PK : Oskar Sundqvist
Extra Defensemen
Normal : Arber Xhekaj, Jordie Benn, Josh Manson - PP : Arber Xhekaj - PK : Jordie Benn, Josh Manson
Penalty Shots
Oskar Sundqvist, Jujhar Khaira, Anders Lee, Lars Eller, Casey Cizikas
Custom OT Lines Forwards
Jujhar Khaira, T.J. Oshie, Anders Lee, Lars Eller, Casey Cizikas, Mike Hoffman, Blake Coleman, Oskar Sundqvist, Kevin Labanc, Pierre-Edouard Bellemare
Custom OT Lines Defensemen
Colton Parayko, Jordie Benn, Josh Manson, Jeremy Lauzon, Arber Xhekaj

Scratches
Austin Osmanski (Healthy), Adam Clendening (Healthy), Colin White (Healthy), Spencer Martin (Healthy)

SAN FRANCISCO SPIDERS

5 vs 5 Forward 
   Center                   Left Wing                Right Wing               Time % Phy DF OF 
 1 Sebastian Aho            Zach Hyman               Andrei Svechnikov        38     0   1  4  
 2 Bo Horvat                Jared McCann             Viktor Arvidsson         37     0   1  4  
 3 Kirby Dach               Jack Roslovic            Kyle Palmieri            20     0   3  2  
 4 Dakota Joshua            Sam Lafferty             Eeli Tolvanen            5      0   4  1  

5 vs 5 Defense 
   Defense                  Defense                                           Time % Phy DF OF 
 1 Darnell Nurse            Brenden Dillon                                    35     0   4  1  
 2 Michael Anderson         Brock Faber                                       35     0   4  1  
 3 Erik Gudbranson          Jacob Middleton                                   20     0   4  1  
 4 Darnell Nurse            Brock Faber                                       10     0   4  1  

PowerPlay Forward 
   Center                   Left Wing                Right Wing               Time % Phy DF OF 
 1 Sebastian Aho            Andrei Svechnikov        Jared McCann             55     0   0  5  
 2 Bo Horvat                Zach Hyman               Viktor Arvidsson         45     0   0  5  

PowerPlay Defense
   Defense                  Defense                                           Time % Phy DF OF 
 1 Darnell Nurse            Brenden Dillon                                    55     0   1  4  
 2 Michael Anderson         Brock Faber                                       45     0   1  4  

Penalty Kill 4 Players Forward 
   Center                   Wing                     Time % Phy DF OF 
 1 Zach Hyman               Bo Horvat                55     0   5  0  
 2 Sebastian Aho            Jack Roslovic            45     0   5  0  

Penalty Kill 4 Players Defense
   Defense                  Defense                  Time % Phy DF OF 
 1 Darnell Nurse            Brenden Dillon           55     0   5  0  
 2 Brock Faber              Michael Anderson         45     0   5  0  

Penalty Kill - 3 Players Forward 
   Forward                                           Time % Phy DF OF 
 1 Zach Hyman                                        55     0   5  0  
 2 Bo Horvat                                         45     0   5  0  

Penalty Kill - 3 Players Defense
   Defense                  Defense                  Time % Phy DF OF 
 1 Darnell Nurse            Brenden Dillon           55     0   5  0  
 2 Brock Faber              Michael Anderson         45     0   5  0  

4 vs 4 Forward 
   Center                   Wing                     Time % Phy DF OF 
 1 Zach Hyman               Bo Horvat                55     1   2  2  
 2 Sebastian Aho            Viktor Arvidsson         45     1   2  2  

4 vs 4 Defense
   Defense                  Defense                  Time % Phy DF OF 
 1 Darnell Nurse            Brenden Dillon           55     1   2  2  
 2 Michael Anderson         Brock Faber              45     1   2  2  

Last Minutes Offensive
   Center                   Left Wing                Right Wing               Defense                  Defense                  
   Zach Hyman               Sebastian Aho            Viktor Arvidsson         Darnell Nurse            Brenden Dillon           

Last Minutes Defensive
   Center                   Left Wing                Right Wing               Defense                  Defense                  
   Zach Hyman               Sebastian Aho            Viktor Arvidsson         Darnell Nurse            Brenden Dillon           

Goaltenders
Starting : Igor Shesterkin          
Backup : Kevin Lankinen           

Extra Forwards
Normal : Dakota Joshua, Jared McCann, Zach Hyman - PP : Dakota Joshua, Jared McCann - PK : Zach Hyman
Extra Defensemen
Normal : Darnell Nurse, Brock Faber, Brenden Dillon - PP : Michael Anderson - PK : Darnell Nurse, Erik Gudbranson
Penalty Shots
Zach Hyman, Bo Horvat, Sebastian Aho, Viktor Arvidsson, Andrei Svechnikov
Custom OT Lines Forwards
Zach Hyman, Bo Horvat, Sebastian Aho, Viktor Arvidsson, Andrei Svechnikov, Jared McCann, Dakota Joshua, Kyle Palmieri, Kirby Dach, Eeli Tolvanen
Custom OT Lines Defensemen
Darnell Nurse, Brock Faber, Brenden Dillon, Erik Gudbranson, Michael Anderson

Scratches
Sean Durzi (Fractured Left Foot Injury)

% Time on Ice - OKANAGAN RATTLESNAKES

Lines # - Real PCT - Wanted PCT - Time Play
Normal Forward
1 - 32% - 36% - 14:21
2 - 28% - 31% - 12:31
3 - 23% - 23% - 10:27
4 - 16% - 10% - 7:18
Normal Defense
1 - 36% - 36% - 15:53
2 - 32% - 31% - 14:11
3 - 31% - 23% - 13:53
4 - 1% - 10% - 0:40
PP Forward
1 - 42% - 55% - 1:39
2 - 58% - 45% - 2:19
PP Defense
1 - 62% - 55% - 2:28
2 - 38% - 45% - 1:30
PK Forward
1 - 56% - 55% - 5:23
2 - 44% - 45% - 4:16
PK Defense
1 - 47% - 55% - 4:31
2 - 53% - 45% - 5:08
PK3 Forward
1 - 58% - 55% - 1:01
2 - 42% - 45% - 0:45
PK3 Defense
1 - 6% - 55% - 0:06
2 - 94% - 45% - 1:40
44 Forward
1 - 0% - 55%
2 - 0% - 45%
44 Defense
1 - 0% - 55%
2 - 0% - 45%
Last Minute Offensive  - 0:00
Last Minute Defensive  - 0:00
Total
Forward - 60:00
Defense - 60:00

% Time on Ice - SAN FRANCISCO SPIDERS

Lines # - Real PCT - Wanted PCT - Time Play
Normal Forward
1 - 31% - 38% - 13:59
2 - 31% - 37% - 14:01
3 - 25% - 20% - 11:11
4 - 12% - 5% - 5:26
Normal Defense
1 - 32% - 35% - 14:09
2 - 32% - 35% - 14:12
3 - 33% - 20% - 14:44
4 - 3% - 10% - 1:32
PP Forward
1 - 54% - 55% - 6:09
2 - 46% - 45% - 5:16
PP Defense
1 - 52% - 55% - 5:59
2 - 48% - 45% - 5:26
PK Forward
1 - 61% - 55% - 2:26
2 - 39% - 45% - 1:32
PK Defense
1 - 55% - 55% - 2:10
2 - 45% - 45% - 1:48
PK3 Forward
1 - 0% - 55%
2 - 0% - 45%
PK3 Defense
1 - 0% - 55%
2 - 0% - 45%
44 Forward
1 - 0% - 55%
2 - 0% - 45%
44 Defense
1 - 0% - 55%
2 - 0% - 45%
Last Minute Offensive  - 0:00
Last Minute Defensive  - 0:00
Total
Forward - 60:00
Defense - 60:00

Play-by-Play

1st period


0:01 of 1st period - Sebastian Aho wins face-off versus Jujhar Khaira in neutral zone.
0:25 of 1st period - Icing by Sebastian Aho.
0:26 of 1st period - Blake Coleman wins face-off versus Sebastian Aho in SAN FRANCISCO SPIDERS zone.
0:26 of 1st period - Lars Eller is hit by Brenden Dillon and loses puck.
0:34 of 1st period - Blake Coleman is hit by Brenden Dillon.
0:56 of 1st period - Shot by Mike Hoffman.
0:56 of 1st period - Deflect By Blake Coleman.
0:56 of 1st period - Stopped by Igor Shesterkin without a rebound.
0:57 of 1st period - Bo Horvat wins face-off versus Casey Cizikas in SAN FRANCISCO SPIDERS zone.
1:12 of 1st period - Shot by Viktor Arvidsson.
1:12 of 1st period - Shot Misses the Net.
1:31 of 1st period - Minor Penalty to Casey Cizikas for Charging.
1:32 of 1st period - Sebastian Aho wins face-off versus Oskar Sundqvist in OKANAGAN RATTLESNAKES zone.
2:00 of 1st period - Sebastian Aho is hit by Josh Manson and loses puck.
2:10 of 1st period - Icing by Darnell Nurse.
2:11 of 1st period - Sebastian Aho wins face-off versus Lars Eller in SAN FRANCISCO SPIDERS zone.
2:13 of 1st period - Icing by Jared McCann.
2:14 of 1st period - Sebastian Aho wins face-off versus Anders Lee in SAN FRANCISCO SPIDERS zone.
2:14 of 1st period - Sebastian Aho is hit by Lars Eller.
2:21 of 1st period - Jared McCann is hit by Arber Xhekaj and loses puck.
2:51 of 1st period - Jeremy Lauzon is hit by Zach Hyman and loses puck.
3:35 of 1st period - Icing by Colton Parayko.
3:36 of 1st period - Casey Cizikas wins face-off versus Kirby Dach in OKANAGAN RATTLESNAKES zone.
3:36 of 1st period - Casey Cizikas is hit by Kirby Dach.
3:41 of 1st period - Off-side.
3:42 of 1st period - Casey Cizikas wins face-off versus Kirby Dach in neutral zone.
3:44 of 1st period - Off-side.
3:45 of 1st period - Kirby Dach wins face-off versus Jujhar Khaira in neutral zone.
3:57 of 1st period - Anders Lee is hit by Jacob Middleton and loses puck.
4:03 of 1st period - Jujhar Khaira is hit by Jacob Middleton and loses puck.
4:13 of 1st period - Minor Penalty to Erik Gudbranson for Holding.
4:14 of 1st period - Zach Hyman wins face-off versus Lars Eller in SAN FRANCISCO SPIDERS zone.
4:14 of 1st period - Zach Hyman is hit by Blake Coleman.
4:38 of 1st period - Shot by Colton Parayko.
4:38 of 1st period - Stopped by Igor Shesterkin without a rebound.
4:39 of 1st period - Jack Roslovic wins face-off versus Jujhar Khaira in SAN FRANCISCO SPIDERS zone.
4:54 of 1st period - Shot by Jujhar Khaira.
4:54 of 1st period - Shot Misses the Net.
5:08 of 1st period - Shot by Anders Lee.
5:08 of 1st period - Shot Misses the Net.
5:10 of 1st period - Shot by Josh Manson.
5:10 of 1st period - Shot Blocked by Brenden Dillon.
5:12 of 1st period - Shot by Jujhar Khaira.
5:12 of 1st period - Shot Misses the Net.
8:37 of 1st period - Zach Hyman is hit by Esa Lindell and loses puck.
9:32 of 1st period - Shot by Jack Roslovic.
9:32 of 1st period - Shot Blocked by Arber Xhekaj.
9:35 of 1st period - Icing by Arber Xhekaj.
9:36 of 1st period - Lars Eller wins face-off versus Dakota Joshua in OKANAGAN RATTLESNAKES zone.
10:09 of 1st period - Shot by Blake Coleman.
10:09 of 1st period - Shot Misses the Net.
10:25 of 1st period - Shot by Anders Lee.
10:25 of 1st period - Shot Misses the Net.
10:27 of 1st period - Shot by Jeremy Lauzon.
10:27 of 1st period - Stopped by Igor Shesterkin without a rebound.
10:28 of 1st period - Bo Horvat wins face-off versus Oskar Sundqvist in SAN FRANCISCO SPIDERS zone.
10:28 of 1st period - Bo Horvat is hit by Nazem Kadri.
10:33 of 1st period - Icing by Jared McCann.
10:34 of 1st period - Bo Horvat wins face-off versus Jujhar Khaira in SAN FRANCISCO SPIDERS zone.
10:34 of 1st period - Bo Horvat is hit by Jujhar Khaira.
10:48 of 1st period - Shot by Bo Horvat.
10:48 of 1st period - Shot Misses the Net.
10:50 of 1st period - Shot by Bo Horvat.
10:50 of 1st period - Shot Blocked by Josh Manson.
10:56 of 1st period - Shot by Darnell Nurse.
10:56 of 1st period - Stopped by James Reimer without a rebound.
10:57 of 1st period - Lars Eller wins face-off versus Sebastian Aho in OKANAGAN RATTLESNAKES zone.
10:57 of 1st period - Lars Eller is hit by Andrei Svechnikov.
11:02 of 1st period - Blake Coleman is hit by Zach Hyman and loses puck.
11:11 of 1st period - Shot by Zach Hyman.
11:11 of 1st period - Goal by Zach Hyman - OKANAGAN RATTLESNAKES : 0 - SAN FRANCISCO SPIDERS : 1.
11:12 of 1st period - Jujhar Khaira wins face-off versus Bo Horvat in neutral zone.
11:25 of 1st period - Shot by Jared McCann.
11:25 of 1st period - Shot Misses the Net.
11:27 of 1st period - Shot by Bo Horvat.
11:27 of 1st period - Shot Blocked by Colton Parayko.
11:29 of 1st period - Shot by Viktor Arvidsson.
11:29 of 1st period - Shot Misses the Net.
11:31 of 1st period - Shot by Bo Horvat.
11:31 of 1st period - Deflect By Jared McCann.
11:31 of 1st period - Shot Misses the Net.
11:33 of 1st period - Shot by Viktor Arvidsson.
11:33 of 1st period - Shot Misses the Net.
12:12 of 1st period - Zach Hyman is hit by Colton Parayko and loses puck.
12:20 of 1st period - Minor Penalty to Esa Lindell for Holding Stick.
12:21 of 1st period - Casey Cizikas wins face-off versus Andrei Svechnikov in OKANAGAN RATTLESNAKES zone.
13:28 of 1st period - Shot by Darnell Nurse.
13:28 of 1st period - Shot Misses the Net.
13:30 of 1st period - Shot by Darnell Nurse.
13:30 of 1st period - Stopped by James Reimer with a rebound.
13:32 of 1st period - Shot by Brenden Dillon.
13:32 of 1st period - Stopped by James Reimer without a rebound.
13:33 of 1st period - Bo Horvat wins face-off versus Anders Lee in OKANAGAN RATTLESNAKES zone.
14:13 of 1st period - Icing by Jared McCann.
14:14 of 1st period - Casey Cizikas wins face-off versus Sebastian Aho in SAN FRANCISCO SPIDERS zone.
14:15 of 1st period - Shot by Jujhar Khaira.
14:15 of 1st period - Shot Blocked by Darnell Nurse.
14:17 of 1st period - Shot by Casey Cizikas.
14:17 of 1st period - Stopped by Igor Shesterkin without a rebound.
14:18 of 1st period - Sebastian Aho wins face-off versus Casey Cizikas in SAN FRANCISCO SPIDERS zone.
14:49 of 1st period - Shot by Pierre-Edouard Bellemare.
14:49 of 1st period - Stopped by Igor Shesterkin without a rebound.
14:50 of 1st period - Sebastian Aho wins face-off versus Mike Hoffman in SAN FRANCISCO SPIDERS zone.
14:50 of 1st period - Andrei Svechnikov is hit by Blake Coleman and loses puck.
15:01 of 1st period - Shot by Mike Hoffman.
15:01 of 1st period - Stopped by Igor Shesterkin without a rebound.
15:02 of 1st period - Casey Cizikas wins face-off versus Bo Horvat in SAN FRANCISCO SPIDERS zone.
15:14 of 1st period - Minor Penalty to Casey Cizikas for Hooking.
15:15 of 1st period - Sebastian Aho wins face-off versus Oskar Sundqvist in OKANAGAN RATTLESNAKES zone.
16:00 of 1st period - Shot by Jared McCann.
16:00 of 1st period - Stopped by James Reimer without a rebound.
16:01 of 1st period - Bo Horvat wins face-off versus Anders Lee in OKANAGAN RATTLESNAKES zone.
16:26 of 1st period - Jujhar Khaira is hit by Zach Hyman and loses puck.
17:13 of 1st period - Shot by Jared McCann.
17:13 of 1st period - Stopped by James Reimer with a rebound.
17:20 of 1st period - Casey Cizikas is hit by Jacob Middleton and loses puck.
17:46 of 1st period - Casey Cizikas is hit by Jacob Middleton and loses puck.
18:02 of 1st period - Kirby Dach is hit by Oskar Sundqvist and loses puck.
19:13 of 1st period - Sebastian Aho is hit by Arber Xhekaj.
19:16 of 1st period - Zach Hyman is hit by Arber Xhekaj and loses puck.
19:55 of 1st period - Shot by Bo Horvat.
19:55 of 1st period - Shot Misses the Net.
Goals for this period are 0 for OKANAGAN RATTLESNAKES vs 1 for SAN FRANCISCO SPIDERS.
Shots for this period are 6 for OKANAGAN RATTLESNAKES vs 6 for SAN FRANCISCO SPIDERS.

2nd period


0:01 of 2nd period - Lars Eller wins face-off versus Sebastian Aho in neutral zone.
0:13 of 2nd period - Icing by Sebastian Aho.
0:14 of 2nd period - Sebastian Aho wins face-off versus Jujhar Khaira in SAN FRANCISCO SPIDERS zone.
0:33 of 2nd period - Shot by Anders Lee.
0:33 of 2nd period - Deflect By T.J. Oshie.
0:33 of 2nd period - Shot Misses the Net.
0:35 of 2nd period - Shot by Colton Parayko.
0:35 of 2nd period - Shot Misses the Net.
0:37 of 2nd period - Shot by Jujhar Khaira.
0:37 of 2nd period - Shot Misses the Net.
0:55 of 2nd period - Shot by Zach Hyman.
0:55 of 2nd period - Stopped by James Reimer without a rebound.
0:56 of 2nd period - Lars Eller wins face-off versus Bo Horvat in OKANAGAN RATTLESNAKES zone.
1:07 of 2nd period - Shot by Mike Hoffman.
1:07 of 2nd period - Stopped by Igor Shesterkin without a rebound.
1:08 of 2nd period - Kirby Dach wins face-off versus Casey Cizikas in SAN FRANCISCO SPIDERS zone.
1:14 of 2nd period - Minor Penalty to Casey Cizikas for Holding.
1:15 of 2nd period - Sebastian Aho wins face-off versus Oskar Sundqvist in OKANAGAN RATTLESNAKES zone.
2:31 of 2nd period - Shot by Viktor Arvidsson.
2:31 of 2nd period - Goal by Viktor Arvidsson - OKANAGAN RATTLESNAKES : 0 - SAN FRANCISCO SPIDERS : 2.
2:32 of 2nd period - Casey Cizikas wins face-off versus Kirby Dach in neutral zone.
2:34 of 2nd period - Kevin Labanc is hit by Jacob Middleton and loses puck.
3:12 of 2nd period - Stefan Noesen is hit by Jacob Middleton and loses puck.
4:32 of 2nd period - Josh Manson is hit by Jared McCann and loses puck.
5:21 of 2nd period - Shot by Andrei Svechnikov.
5:21 of 2nd period - Goal by Andrei Svechnikov - OKANAGAN RATTLESNAKES : 0 - SAN FRANCISCO SPIDERS : 3.
5:22 of 2nd period - Kirby Dach wins face-off versus Blake Coleman in neutral zone.
5:40 of 2nd period - Shot by Jack Roslovic.
5:40 of 2nd period - Stopped by James Reimer without a rebound.
5:41 of 2nd period - Casey Cizikas wins face-off versus Sebastian Aho in OKANAGAN RATTLESNAKES zone.
5:41 of 2nd period - Casey Cizikas is hit by Andrei Svechnikov.
5:49 of 2nd period - Andrei Svechnikov is hit by Casey Cizikas and loses puck.
5:54 of 2nd period - Shot by Stefan Noesen.
5:54 of 2nd period - Stopped by Igor Shesterkin without a rebound.
5:55 of 2nd period - Kirby Dach wins face-off versus Lars Eller in SAN FRANCISCO SPIDERS zone.
6:00 of 2nd period - Shot by Jack Roslovic.
6:00 of 2nd period - Shot Misses the Net.
7:03 of 2nd period - Shot by Stefan Noesen.
7:03 of 2nd period - Stopped by Igor Shesterkin without a rebound.
7:04 of 2nd period - Sebastian Aho wins face-off versus Jujhar Khaira in SAN FRANCISCO SPIDERS zone.
7:04 of 2nd period - Minor Penalty to T.J. Oshie for Interference.
7:05 of 2nd period - Casey Cizikas wins face-off versus Sebastian Aho in OKANAGAN RATTLESNAKES zone.
7:41 of 2nd period - Shot by Sebastian Aho.
7:41 of 2nd period - Stopped by James Reimer with a rebound.
7:43 of 2nd period - Shot by Andrei Svechnikov.
7:43 of 2nd period - Stopped by James Reimer without a rebound.
7:44 of 2nd period - Casey Cizikas wins face-off versus Bo Horvat in OKANAGAN RATTLESNAKES zone.
8:08 of 2nd period - Shot by Zach Hyman.
8:08 of 2nd period - Shot Misses the Net.
8:10 of 2nd period - Shot by Viktor Arvidsson.
8:10 of 2nd period - Deflect By Zach Hyman.
8:10 of 2nd period - Shot Misses the Net.
8:12 of 2nd period - Shot by Michael Anderson.
8:12 of 2nd period - Stopped by James Reimer without a rebound.
8:13 of 2nd period - Sebastian Aho wins face-off versus Anders Lee in OKANAGAN RATTLESNAKES zone.
8:16 of 2nd period - Shot by Sebastian Aho.
8:16 of 2nd period - Shot Misses the Net.
8:20 of 2nd period - Shot by Andrei Svechnikov.
8:20 of 2nd period - Stopped by James Reimer without a rebound.
8:21 of 2nd period - Sebastian Aho wins face-off versus Anders Lee in OKANAGAN RATTLESNAKES zone.
8:41 of 2nd period - Shot by Sebastian Aho.
8:41 of 2nd period - Shot Misses the Net.
8:43 of 2nd period - Shot by Jared McCann.
8:43 of 2nd period - Stopped by James Reimer without a rebound.
8:44 of 2nd period - Bo Horvat wins face-off versus Casey Cizikas in OKANAGAN RATTLESNAKES zone.
8:49 of 2nd period - Shot by Brock Faber.
8:49 of 2nd period - Stopped by James Reimer without a rebound.
8:50 of 2nd period - Casey Cizikas wins face-off versus Zach Hyman in OKANAGAN RATTLESNAKES zone.
9:06 of 2nd period - Minor Penalty to Jeremy Lauzon for Tripping.
9:07 of 2nd period - Jujhar Khaira wins face-off versus Sebastian Aho in OKANAGAN RATTLESNAKES zone.
9:19 of 2nd period - Minor Penalty to Arber Xhekaj for Hooking.
9:20 of 2nd period - Bo Horvat wins face-off versus Anders Lee in OKANAGAN RATTLESNAKES zone.
9:52 of 2nd period - Shot by Michael Anderson.
9:52 of 2nd period - Shot Blocked by Anders Lee.
9:54 of 2nd period - Shot by Brock Faber.
9:54 of 2nd period - Shot Misses the Net.
9:56 of 2nd period - Shot by Zach Hyman.
9:56 of 2nd period - Shot Misses the Net.
10:50 of 2nd period - Shot by Andrei Svechnikov.
10:50 of 2nd period - Shot Misses the Net.
10:52 of 2nd period - Shot by Brenden Dillon.
10:52 of 2nd period - Stopped by James Reimer with a rebound.
11:16 of 2nd period - Shot by Zach Hyman.
11:16 of 2nd period - Deflect By Viktor Arvidsson.
11:16 of 2nd period - Stopped by James Reimer with a rebound.
11:58 of 2nd period - Shot by Jack Roslovic.
11:58 of 2nd period - Shot Blocked by Jeremy Lauzon.
12:28 of 2nd period - Shot by Sam Lafferty.
12:28 of 2nd period - Shot Blocked by Jeremy Lauzon.
12:32 of 2nd period - Shot by Brock Faber.
12:32 of 2nd period - Shot Misses the Net.
12:34 of 2nd period - Shot by Michael Anderson.
12:34 of 2nd period - Stopped by James Reimer with a rebound.
12:36 of 2nd period - Shot by Brock Faber.
12:36 of 2nd period - Stopped by James Reimer without a rebound.
12:37 of 2nd period - T.J. Oshie wins face-off versus Sebastian Aho in OKANAGAN RATTLESNAKES zone.
13:16 of 2nd period - Shot by T.J. Oshie.
13:16 of 2nd period - Stopped by Igor Shesterkin without a rebound.
13:17 of 2nd period - Bo Horvat wins face-off versus Casey Cizikas in SAN FRANCISCO SPIDERS zone.
13:22 of 2nd period - Shot by Jared McCann.
13:22 of 2nd period - Shot Blocked by Esa Lindell.
13:34 of 2nd period - Shot by Jared McCann.
13:34 of 2nd period - Stopped by James Reimer without a rebound.
13:35 of 2nd period - Oskar Sundqvist wins face-off versus Kirby Dach in OKANAGAN RATTLESNAKES zone.
13:58 of 2nd period - Kyle Palmieri is hit by Esa Lindell and loses puck.
14:15 of 2nd period - Shot by Kirby Dach.
14:15 of 2nd period - Stopped by James Reimer with a rebound.
14:17 of 2nd period - Shot by Jack Roslovic.
14:17 of 2nd period - Stopped by James Reimer without a rebound.
14:18 of 2nd period - Bo Horvat wins face-off versus Jujhar Khaira in OKANAGAN RATTLESNAKES zone.
14:19 of 2nd period - Shot by Jared McCann.
14:19 of 2nd period - Shot Blocked by Jordie Benn.
14:32 of 2nd period - Shot by Anders Lee.
14:32 of 2nd period - Stopped by Igor Shesterkin without a rebound.
14:33 of 2nd period - Sebastian Aho wins face-off versus Lars Eller in SAN FRANCISCO SPIDERS zone.
14:50 of 2nd period - Shot by Sebastian Aho.
14:50 of 2nd period - Shot Misses the Net.
14:52 of 2nd period - Shot by Andrei Svechnikov.
14:52 of 2nd period - Stopped by James Reimer with a rebound.
14:57 of 2nd period - Icing by Jeremy Lauzon.
14:58 of 2nd period - Bo Horvat wins face-off versus Lars Eller in OKANAGAN RATTLESNAKES zone.
14:59 of 2nd period - Shot by Jared McCann.
14:59 of 2nd period - Shot Misses the Net.
15:18 of 2nd period - Icing by Darnell Nurse.
15:19 of 2nd period - Bo Horvat wins face-off versus Jujhar Khaira in SAN FRANCISCO SPIDERS zone.
15:28 of 2nd period - Shot by Jared McCann.
15:28 of 2nd period - Stopped by James Reimer without a rebound.
15:29 of 2nd period - Jujhar Khaira wins face-off versus Zach Hyman in OKANAGAN RATTLESNAKES zone.
15:29 of 2nd period - Jujhar Khaira is hit by Andrei Svechnikov.
15:42 of 2nd period - Shot by Andrei Svechnikov.
15:42 of 2nd period - Shot Misses the Net.
15:58 of 2nd period - Shot by Zach Hyman.
15:58 of 2nd period - Shot Misses the Net.
16:00 of 2nd period - Shot by Sebastian Aho.
16:00 of 2nd period - Stopped by James Reimer without a rebound.
16:01 of 2nd period - Bo Horvat wins face-off versus Lars Eller in OKANAGAN RATTLESNAKES zone.
16:19 of 2nd period - Lars Eller is hit by Brenden Dillon and loses puck.
16:34 of 2nd period - Shot by Blake Coleman.
16:34 of 2nd period - Shot Misses the Net.
16:36 of 2nd period - Shot by Lars Eller.
16:36 of 2nd period - Shot Misses the Net.
16:38 of 2nd period - Shot by Blake Coleman.
16:38 of 2nd period - Stopped by Igor Shesterkin without a rebound.
16:39 of 2nd period - Sebastian Aho wins face-off versus Jujhar Khaira in SAN FRANCISCO SPIDERS zone.
16:46 of 2nd period - Shot by Andrei Svechnikov.
16:46 of 2nd period - Shot Blocked by Jujhar Khaira.
16:48 of 2nd period - Shot by Michael Anderson.
16:48 of 2nd period - Shot Misses the Net.
16:56 of 2nd period - Shot by Andrei Svechnikov.
16:56 of 2nd period - Stopped by James Reimer without a rebound.
16:57 of 2nd period - Casey Cizikas wins face-off versus Kirby Dach in OKANAGAN RATTLESNAKES zone.
17:14 of 2nd period - Shot by Stefan Noesen.
17:14 of 2nd period - Shot Misses the Net.
17:30 of 2nd period - Shot by Jack Roslovic.
17:30 of 2nd period - Shot Blocked by Colton Parayko.
17:34 of 2nd period - Shot by Kirby Dach.
17:34 of 2nd period - Shot Blocked by Colton Parayko.
17:36 of 2nd period - Shot by Kirby Dach.
17:36 of 2nd period - Stopped by James Reimer without a rebound.
17:37 of 2nd period - Sebastian Aho wins face-off versus T.J. Oshie in OKANAGAN RATTLESNAKES zone.
17:39 of 2nd period - Zach Hyman is hit by Jeremy Lauzon and loses puck.
17:51 of 2nd period - T.J. Oshie is hit by Brenden Dillon and loses puck.
18:08 of 2nd period - Shot by T.J. Oshie.
18:08 of 2nd period - Stopped by Igor Shesterkin with a rebound.
18:09 of 2nd period - Minor Penalty to Brenden Dillon for Hooking.
18:10 of 2nd period - Lars Eller wins face-off versus Zach Hyman in SAN FRANCISCO SPIDERS zone.
18:10 of 2nd period - Lars Eller is hit by Brock Faber.
18:12 of 2nd period - Shot by Colton Parayko.
18:12 of 2nd period - Stopped by Igor Shesterkin without a rebound.
18:13 of 2nd period - Lars Eller wins face-off versus Zach Hyman in SAN FRANCISCO SPIDERS zone.
18:32 of 2nd period - Shot by Mike Hoffman.
18:32 of 2nd period - Shot Hit the Post.
18:34 of 2nd period - Shot by Colton Parayko.
18:34 of 2nd period - Shot Misses the Net.
Goals for this period are 0 for OKANAGAN RATTLESNAKES vs 2 for SAN FRANCISCO SPIDERS.
Shots for this period are 8 for OKANAGAN RATTLESNAKES vs 22 for SAN FRANCISCO SPIDERS.

3rd period


0:01 of 3rd period - Zach Hyman wins face-off versus Jujhar Khaira in neutral zone.
0:10 of 3rd period - Shot by Kirby Dach.
0:10 of 3rd period - Stopped by James Reimer without a rebound.
0:11 of 3rd period - Viktor Arvidsson wins face-off versus Jujhar Khaira in OKANAGAN RATTLESNAKES zone.
0:21 of 3rd period - Off-side.
0:22 of 3rd period - Lars Eller wins face-off versus Sebastian Aho in neutral zone.
0:29 of 3rd period - Shot by Blake Coleman.
0:29 of 3rd period - Stopped by Igor Shesterkin without a rebound.
0:30 of 3rd period - Jujhar Khaira wins face-off versus Bo Horvat in SAN FRANCISCO SPIDERS zone.
1:09 of 3rd period - Shot by Viktor Arvidsson.
1:09 of 3rd period - Shot Misses the Net.
1:45 of 3rd period - Zach Hyman is hit by Jeremy Lauzon and loses puck.
1:56 of 3rd period - Shot by Zach Hyman.
1:56 of 3rd period - Shot Misses the Net.
2:38 of 3rd period - Shot by Kirby Dach.
2:38 of 3rd period - Stopped by James Reimer without a rebound.
2:39 of 3rd period - Casey Cizikas wins face-off versus Kyle Palmieri in OKANAGAN RATTLESNAKES zone.
2:39 of 3rd period - Kevin Labanc is hit by Jack Roslovic and loses puck.
2:46 of 3rd period - Shot by Kirby Dach.
2:46 of 3rd period - Shot Misses the Net.
3:08 of 3rd period - Shot by Kyle Palmieri.
3:08 of 3rd period - Shot Misses the Net.
3:10 of 3rd period - Shot by Erik Gudbranson.
3:10 of 3rd period - Stopped by James Reimer without a rebound.
3:11 of 3rd period - Bo Horvat wins face-off versus Jujhar Khaira in OKANAGAN RATTLESNAKES zone.
3:14 of 3rd period - Shot by Jared McCann.
3:14 of 3rd period - Stopped by James Reimer with a rebound.
3:16 of 3rd period - Shot by Bo Horvat.
3:16 of 3rd period - Stopped by James Reimer without a rebound.
3:17 of 3rd period - Jujhar Khaira wins face-off versus Bo Horvat in OKANAGAN RATTLESNAKES zone.
3:17 of 3rd period - Jujhar Khaira is hit by Bo Horvat.
3:46 of 3rd period - Shot by Anders Lee.
3:46 of 3rd period - Stopped by Igor Shesterkin with a rebound.
3:48 of 3rd period - Shot by Esa Lindell.
3:48 of 3rd period - Stopped by Igor Shesterkin without a rebound.
3:49 of 3rd period - Casey Cizikas wins face-off versus Sebastian Aho in SAN FRANCISCO SPIDERS zone.
4:40 of 3rd period - Icing by Kevin Labanc.
4:41 of 3rd period - Bo Horvat wins face-off versus Casey Cizikas in OKANAGAN RATTLESNAKES zone.
4:48 of 3rd period - Shot by Jared McCann.
4:48 of 3rd period - Stopped by James Reimer without a rebound.
4:49 of 3rd period - Bo Horvat wins face-off versus Jujhar Khaira in OKANAGAN RATTLESNAKES zone.
5:17 of 3rd period - Icing by Jujhar Khaira.
5:18 of 3rd period - Jujhar Khaira wins face-off versus Sebastian Aho in OKANAGAN RATTLESNAKES zone.
7:08 of 3rd period - Shot by Jared McCann.
7:08 of 3rd period - Stopped by James Reimer without a rebound.
7:09 of 3rd period - Casey Cizikas wins face-off versus Kirby Dach in OKANAGAN RATTLESNAKES zone.
7:26 of 3rd period - Shot by Casey Cizikas.
7:26 of 3rd period - Stopped by Igor Shesterkin with a rebound.
7:48 of 3rd period - Kyle Palmieri is hit by Arber Xhekaj and loses puck.
8:15 of 3rd period - Shot by T.J. Oshie.
8:15 of 3rd period - Shot Blocked by Jacob Middleton.
8:15 of 3rd period - Jacob Middleton from SAN FRANCISCO SPIDERS is injured at 8:15 of 3rd period (Broken Left Foot Toe).
8:16 of 3rd period - Bo Horvat wins face-off versus Oskar Sundqvist in SAN FRANCISCO SPIDERS zone.
8:47 of 3rd period - Shot by Oskar Sundqvist.
8:47 of 3rd period - Shot Misses the Net.
10:17 of 3rd period - Sebastian Aho is hit by Jeremy Lauzon and loses puck.
12:29 of 3rd period - Icing by Casey Cizikas.
12:30 of 3rd period - Jack Roslovic wins face-off versus Casey Cizikas in OKANAGAN RATTLESNAKES zone.
12:37 of 3rd period - Shot by Brock Faber.
12:37 of 3rd period - Shot Misses the Net.
13:47 of 3rd period - Shot by Sam Lafferty.
13:47 of 3rd period - Shot Misses the Net.
14:55 of 3rd period - Shot by Anders Lee.
14:55 of 3rd period - Shot Misses the Net.
14:57 of 3rd period - Shot by Jeremy Lauzon.
14:57 of 3rd period - Shot Misses the Net.
15:12 of 3rd period - Icing by Bo Horvat.
15:13 of 3rd period - Jared McCann wins face-off versus Oskar Sundqvist in SAN FRANCISCO SPIDERS zone.
16:07 of 3rd period - Sebastian Aho is hit by Josh Manson and loses puck.
16:49 of 3rd period - Shot by Kyle Palmieri.
16:49 of 3rd period - Stopped by James Reimer without a rebound.
16:50 of 3rd period - Anders Lee wins face-off versus Kirby Dach in OKANAGAN RATTLESNAKES zone.
17:10 of 3rd period - Shot by Jujhar Khaira.
17:10 of 3rd period - Stopped by Igor Shesterkin without a rebound.
17:11 of 3rd period - Nazem Kadri wins face-off versus Dakota Joshua in SAN FRANCISCO SPIDERS zone.
17:59 of 3rd period - Darnell Nurse is hit by Oskar Sundqvist and loses puck.
18:18 of 3rd period - Shot by Anders Lee.
18:18 of 3rd period - Shot Misses the Net.
18:44 of 3rd period - Off-side.
18:45 of 3rd period - Bo Horvat wins face-off versus Lars Eller in neutral zone.
19:15 of 3rd period - Icing by Erik Gudbranson.
19:16 of 3rd period - Casey Cizikas wins face-off versus Bo Horvat in SAN FRANCISCO SPIDERS zone.
19:17 of 3rd period - Shot by Stefan Noesen.
19:17 of 3rd period - Stopped by Igor Shesterkin with a rebound.
19:22 of 3rd period - Off-side.
19:23 of 3rd period - Sebastian Aho wins face-off versus Jujhar Khaira in neutral zone.
19:28 of 3rd period - Icing by Anders Lee.
19:29 of 3rd period - Jujhar Khaira wins face-off versus Sebastian Aho in OKANAGAN RATTLESNAKES zone.
19:41 of 3rd period - Off-side.
19:42 of 3rd period - Lars Eller wins face-off versus Bo Horvat in neutral zone.
19:53 of 3rd period - Shot by Jared McCann.
19:53 of 3rd period - Deflect By Bo Horvat.
19:53 of 3rd period - Stopped by James Reimer with a rebound.
Goals for this period are 0 for OKANAGAN RATTLESNAKES vs 0 for SAN FRANCISCO SPIDERS.
Shots for this period are 6 for OKANAGAN RATTLESNAKES vs 9 for SAN FRANCISCO SPIDERS.


BLAKE
WHEELER
STEVEN
STAMKOS
DREW
DOUGHTY

EAST COAST

HOCKEY LEAGUE

  • 63.RHI2PIT5
  • 64.WOR4ATL3
  • 65.QUECHW
  • 66.CHATRV